 Dungeon Crawl Stone Soup version 0.20.0 (webtiles) character file.

370 shmeve the Skirmisher (level 6, -1/53 HPs)
             Began as a Draconian Berserker on May 26, 2017.
             Was a Priest of Trog.
             Killed from afar by Dowan (3 damage)
             ... with a puff of flame
             ... on level 4 of the Dungeon.
             The game lasted 00:06:22 (3314 turns).

shmeve the Skirmisher (Draconian Berserker)         Turns: 3314, Time: 00:06:22

Health: -1/53      AC:  8    Str: 22    XL:     6   Next: 42%
Magic:  6/6        EV: 13    Int:  7    God:    Trog [***...]
Gold:   322        SH:  0    Dex: 10    Spells: 5/5 levels left

rFire    . . .     SeeInvis .   a - +0 hand axe
rCold    . . .     Gourm    .   (no shield)
rNeg     . . .     Faith    .   (armour unavailable)
rPois    .         Spirit   .   (helmet restricted)
rElec    .         Reflect  .   d - +0 cloak
rCorr    .         Harm     .   (no gloves)
MR       ++...                  j - +0 pair of boots
Stlth    +.........             (no amulet)
Regen    1.2/turn               (no ring)
MPRegen  0.1/turn               (no ring)

@: confused, lethally poisoned (-1 -> -3), berserk cooldown, regenerating,
slowed, very slow
A: unfitting armour, cold-blooded, AC +6
a: Berserk, Trog's Hand, Burn Spellbooks, Renounce Religion


You were on level 4 of the Dungeon.
You worshipped Trog.
Trog was most pleased with you.
You were near starving.

You visited 1 branch of the dungeon, and saw 4 of its levels.

You collected 322 gold pieces.

Inventory:

Hand Weapons
 a - a +0 hand axe (weapon)
Armour
 d - a +0 cloak (worn)
 j - a +0 pair of boots (worn)
 w - a +0 buckler
Jewellery
 g - a cursed -5 ring of protection {unknown}
 k - a cursed ring of teleportation {unknown}
Scrolls
 c - 13 scrolls of identify {unknown}
 h - a scroll of immolation {unknown}
 m - 2 scrolls of amnesia {unknown}
 n - a scroll of enchant weapon {unknown}
 s - a scroll of teleportation {unknown}
 t - a scroll of remove curse {unknown}
 v - a scroll of random uselessness {unknown}
Potions
 e - a potion of berserk rage {unknown}
 i - 3 potions of flight {unknown}
 o - 2 potions of might {unknown}
 p - 2 potions of curing {unknown}
 q - a potion of brilliance {unknown}
Comestibles
 b - 2 bread rations
 l - a royal jelly
 r - 2 fruits
 u - 2 chunks of flesh


   Skills:
 - Level 4.5 Fighting
 - Level 3.8 Axes
 - Level 3.5 Dodging
 - Level 1.6 Stealth
 + Level 4.2 Shields


You had 5 spell levels left.
You didn't know any spells.

Dungeon Overview and Level Annotations

Branches:
Dungeon (4/15)
 Temple: D:4-7

Altars:

Annotations:
D:4 Dowan, Duvessa


Innate Abilities, Weirdness & Mutations

Your plain brown scales are hard. (AC +6)
You cannot fit into any form of body armour.
You are cold-blooded and may be slowed by cold attacks.


Message History

Dowan hits you but does no damage. Duvessa barely misses you.
You're too confused!
Unknown command.
You miss Duvessa.
Duvessa is lightly wounded.
You hit Dowan but do no damage.
You hit the adder skeleton but do no damage.
You hit the goblin.
You kill the goblin!
Trog accepts your kill.
You feel very sick.
Duvessa gestures with her weapon.
Duvessa hits you with a rapier!
* * * LOW HITPOINT WARNING * * *
The adder skeleton barely misses you. Dowan misses you.
The gnoll hits you but does no damage. Duvessa completely misses you.
The adder skeleton misses you.
Dowan points at you and mumbles some strange words.
The puff of flame hits you!
You die...

.###..###.......#
##......##.#....##
...........#.....
...........#...#
...........#...# .
...........#...# ####..
##......##..(..###......
.###..###......Z))g...#
. ####........e@)....# .
...........e))....#
###...##...###......
#### #...# ###.## #...#
.. #...# . ..... #.###


You could see Duvessa, Dowan, a gnoll and an adder skeleton.

Vanquished Creatures
  An iguana (D:4)
  2 orc wizards (D:4)
  2 worker ants (D:4)
  Terence (D:2)
  Robin (D:4)
  3 gnolls (D:4)
  7 adders
  An adder skeleton (D:4)
  3 worms
  5 dart slugs
  A leopard gecko (D:3)
  8 orcs (D:4)
  3 ball pythons
  18 goblins
  12 hobgoblins
  5 kobolds
  3 quokkas
  5 bats
  4 frilled lizards
  A quokka skeleton (D:4)
  10 rats
96 creatures vanquished.

Notes
Turn   | Place    | Note
-------+----------+-------------------------------------------
     0 | D:1      | shmeve the Draconian Berserker began the quest for the Orb.
     0 | D:1      | Reached XP level 1. HP: 19/19 MP: 1/1
   394 | D:1      | Reached XP level 2. HP: 26/26 MP: 2/2
   732 | D:1      | Reached XP level 3. HP: 29/33 MP: 3/3
   733 | D:1      | Reached skill level 1 in Stealth
  1165 | D:2      | Reached ** piety under Trog
  1169 | D:2      | Noticed Terence
  1205 | D:2      | Killed Terence
  1423 | D:2      | Reached XP level 4. HP: 36/40 MP: 4/4
  2540 | D:3      | Reached XP level 5. HP: 47/47 MP: 5/5
  2941 | D:4      | Reached skill level 1 in Shields
  3285 | D:4      | Noticed Robin
  3286 | D:4      | Reached *** piety under Trog
  3294 | D:4      | Reached XP level 6. HP: 30/53 MP: 6/6
  3298 | D:4      | Killed Robin
  3300 | D:4      | Noticed Duvessa
  3308 | D:4      | Noticed Dowan
  3309 | D:4      | HP: 2/53 [gnoll/spear (7)]
  3314 | D:4      | HP: 2/53 [Duvessa/rapier (7)]
  3314 | D:4      | Killed from afar by Dowan

Skill      XL: |  1  2  3  4  5  6 |
---------------+-------------------+-----
Stealth        | 1 |  1.6
Dodging        | 3 |  3.5
Fighting       | 4 |  4.5
Shields        | 3 4 |  4.2
Axes           | |  3.8

Action                   |  1- 3 |  4- 6 || total
-------------------------+-------+-------++-------
Melee: Hand axe          |   122 |   142 ||   264
       Tailslap          |    11 |    20 ||    31
Invok: Trog's Hand       |       |     2 ||     2
       Berserk           |       |     1 ||     1
  Use: Potion            |       |     2 ||     2
 Stab: Sleeping          |     1 |     4 ||     5
       Distracted        |     1 |       ||     1
  Eat: Chunk             |     2 |     6 ||     8
Armor: Skin              |    44 |    54 ||    98
Dodge: Dodged            |    79 |   127 ||   206
